AoeStats
← RATMAN

Arabia

504397217Analyzed
2v2 RM · 27d ago on Sep 5, 2026· 62m 57s· 4 players
Game mode
Random Map
Map size
Medium (4 player)
Population
200
Speed
Normal
Resources
Standard
Victory
Conquest
Starting age
Dark Age
Ending age
Imperial Age
RankedLock teamsTeams togetherTeam positionsShared explorationLock speedFull tech treeHidden civsTurbo modeCheats
Victory
Defeat
🇨🇱 Huns · Chile
767
+9
🇨🇱 Britons · Chile
767
+9
🇺🇸 Portuguese · United States
614
-9
🇺🇸 Spanish · United States
611
-9
Feel
8:37 Loom
11:24 Feudal Age
12:49 Double-Bit Axe
12:46 Horse Collar
16:39 Bloodlines
21:45 Arson
22:24 Bloodlines
24:19 Castle Age
23:21 Scale Mail Armor
23:33 Forging
24:58 Wheelbarrow
24:30 Pikeman
26:18 Squires
26:38 Husbandry
27:14 Heavy Plow
31:59 Hand Cart
34:14 Chain Mail Armor
39:36 Imperial Age
39:00 Iron Casting
40:09 Halberdier
41:27 Marauders
42:31 Elite Tarkan
49:20 Bow Saw
50:14 Blast Furnace
49:19 Scale Barding Armor
57:56 Chain Barding Armor
·˸˙ TARS ☭
4:24 Loom
13:41 Feudal Age
20:27 Castle Age
18:25 Double-Bit Axe
19:00 Horse Collar
21:20 Crossbowman
23:34 Bow Saw
27:14 Ballistics
28:54 Pikeman
29:51 Padded Archer Armor
31:58 Heavy Plow
32:38 Fletching
35:02 Gold Mining
38:10 Imperial Age
38:31 Gold Shaft Mining
39:15 Wheelbarrow
40:31 Hand Cart
41:32 Two-Man Saw
42:20 Leather Archer Armor
43:00 Yeomen
43:01 Conscription
42:15 Arbalester
42:55 Bodkin Arrow
44:51 Chemistry
46:04 Bracer
48:07 Ring Archer Armor
49:01 Elite Longbowman
50:43 Scale Mail Armor
50:36 Treadmill Crane
57:11 Elite Skirmisher
RATMAN
11:42 Feudal Age
19:37 Castle Age
35:36 Imperial Age
35:50 Cavalier
36:49 Bloodlines
42:47 Thumb Ring
49:30 Paladin
61:17 Scale Barding Armor
neonraven
13:16 Feudal Age
11:38 Loom
15:20 Double-Bit Axe
18:50 Castle Age
18:15 Wheelbarrow
29:55 Hand Cart
32:36 Bow Saw
39:46 Gold Mining
39:46 Stone Mining
44:42 Imperial Age
47:13 Chemistry
46:35 Ballistics
58:42 Elite Skirmisher
59:36 Thumb Ring
62:27 Two-Man Saw
Connection lost

Rejoining the realm…

Still unreachable

The connection could not be restored.

Session expired

The server has moved on; the page needs a fresh start.